[Event "ICC tourney 1955 (60 10)"]
[Site "Internet Chess Club"]
[Date "2020.08.07"]
[Round "1"]
[White "tanker2"]
[Black "investigator"]
[Result "0-1"]
[ICCResult "White checkmated"]
[WhiteElo "1859"]
[BlackElo "2153"]
[Opening "King's Indian: Sämisch, 5...O-O"]
[ECO "E81"]
[NIC "KI.54"]
[Time "12:22:12"]
[TimeControl "3600+10"]

1. d4 Nf6 2. c4 g6 3. Nc3 Bg7 4. e4 d6 5. f3 O-O 6. Be3 c5 7. d5 e6 8. Qd2
exd5 9. cxd5 a6 10. a4 h5 11. Bd3 Re8 12. Nge2 Nbd7 13. h3 Ne5 14. f4 Nxd3+
15. Qxd3 Nxe4 16. Nxe4 Bf5 17. N2g3 Bxe4 18. Nxe4 Qe7 19. Nxd6 Qxd6 20. O-O
Rxe3 21. Qd2 Bd4 22. Kh1 Qxd5 23. Rae1 Rxh3# {White checkmated} 0-1

[Event "ICC tourney 1955 (60 10)"]
[Site "Internet Chess Club"]
[Date "2020.08.07"]
[Round "1"]
[White "sanjayselvam"]
[Black "Knightboy123"]
[Result "0-1"]
[ICCResult "White resigns"]
[WhiteElo "1904"]
[BlackElo "1667"]
[Opening "Queen's pawn: London system"]
[ECO "A45"]
[NIC "QP.07"]
[Time "12:22:47"]
[TimeControl "3600+10"]

1. d4 Nf6 2. Bf4 d5 3. e3 c5 4. c3 Nc6 5. Nf3 Qb6 6. Qc1 Bf5 7. Nbd2 e6 8.
Be2 Be7 9. h3 h6 10. O-O O-O 11. dxc5 Bxc5 12. c4 d4 13. exd4 Nxd4 14. a3
Nxe2+ 15. Kh2 Nxc1 16. Rfxc1 Bxf2 17. b4 Be3 18. Bxe3 Qxe3 19. Nf1 Qf4+ 20.
Kh1 Ne4 21. Kg1 Bxh3 22. Re1 Bxg2 23. Rxe4 Qxe4 24. Kxg2 Qxc4 25. Ng3 Rfd8
26. Rg1 Rd3 {White resigns} 0-1

[Event "ICC tourney 1955 (60 10)"]
[Site "Internet Chess Club"]
[Date "2020.08.07"]
[Round "1"]
[White "Lonestarpawn"]
[Black "karuto2006"]
[Result "1-0"]
[ICCResult "Black resigns"]
[WhiteElo "2051"]
[BlackElo "1771"]
[Opening "Ruy Lopez: closed defense"]
[ECO "C84"]
[NIC "RL.13"]
[Time "12:22:26"]
[TimeControl "3600+10"]

1. e4 e5 2. Nf3 Nc6 3. Bb5 a6 4. Ba4 Nf6 5. O-O Be7 6. d3 b5 7. Bb3 d6 8. h3
O-O 9. c3 Nb8 10. a4 c6 11. Nbd2 Bb7 12. Re1 Nbd7 13. Nf1 Re8 14. Ng3 Bf8
15. Nf5 Nc5 16. axb5 cxb5 17. Ba2 Bc8 18. b4 Na4 19. Ne3 Nxc3 20. Bxf7+ Kxf7
21. Qb3+ Be6 22. Ng5+ Kg6 23. Nxe6 Qc8 24. Nxf8+ Rxf8 25. Nf5 h6 26. Ne7+
{Black resigns}
1-0

[Event "ICC tourney 1955 (60 10)"]
[Site "Internet Chess Club"]
[Date "2020.08.07"]
[Round "1"]
[White "pbalaji2008"]
[Black "liguowh"]
[Result "1-0"]
[ICCResult "Black resigns"]
[WhiteElo "1897"]
[BlackElo "1935"]
[Opening "Sicilian: Canal-Sokolsky (Nimzovich-Rossolimo, Moscow) attack"]
[ECO "B51"]
[NIC "SI.01"]
[Time "12:22:02"]
[TimeControl "3600+10"]

1. e4 c5 2. Nf3 d6 3. Bb5+ Nd7 4. O-O a6 5. Bxd7+ Bxd7 6. Re1 e6 7. a3 Qc7
8. Nc3 Be7 9. Qe2 Nf6 10. d3 O-O 11. h3 b5 12. Bf4 e5 13. Bg5 Be6 14. Nd2
Qc6 15. Nf1 h6 16. Bxf6 Bxf6 17. Ne3 Bg5 18. Ncd5 f5 19. Qh5 Kh7 20. Nc3 f4
21. h4 fxe3 22. fxe3 g6 23. Qe2 Bxh4 24. Rf1 Rxf1+ 25. Rxf1 Ra7 26. g4 Qc8
27. Nd5 Bxg4 28. Qh2 Bg5 29. d4 cxd4 30. exd4 exd4 31. Qxd6 Qxc2 32. Qf8 Rg7
33. Rf7 Qd1+ 34. Kg2 Qe2+ 35. Kg1 Be3+ 36. Nxe3 Qxe3+ 37. Kh2 Qh3+ 38. Kg1
Qg3+ 39. Kf1 Bh3+ 40. Ke2 Qe3+ 41. Kd1 Bg4+ 42. Kc2 Qf2+ 43. Rxf2
{Black resigns}
1-0

[Event "ICC tourney 1955 (60 10)"]
[Site "Internet Chess Club"]
[Date "2020.08.07"]
[Round "1"]
[White "town"]
[Black "pawnpush202044"]
[Result "1-0"]
[ICCResult "Black resigns"]
[WhiteElo "2135"]
[BlackElo "1861"]
[Opening "Sicilian: Najdorf, Byrne (English) attack"]
[ECO "B90"]
[NIC "SI.14"]
[Time "12:21:37"]
[TimeControl "3600+10"]

1. e4 c5 2. Nf3 d6 3. d4 cxd4 4. Nxd4 Nf6 5. Nc3 a6 6. Be3 e5 7. Nb3 Be6 8.
f3 Nbd7 9. Qd2 Be7 10. g4 Nc5 11. g5 Nfd7 12. O-O-O b5 13. Kb1 b4 14. Nd5
Bxd5 15. Qxd5 a5 16. Nxc5 dxc5 17. Bc4 Rf8 18. Bb5 Ra7 19. Qc6 Rc7 20. Rxd7
Rxc6 21. Rxd8+ Kxd8 22. Bxc6 Kc7 23. Bd5 f6 24. gxf6 Bxf6 25. f4 exf4 26.
Bxf4+ Kd7 27. e5 Be7 28. Bg3 a4 29. Rd1 Kc8 30. e6 g6 31. Bc4 {Black
resigns} 1-0

[Event "ICC tourney 1955 (60 10)"]
[Site "Internet Chess Club"]
[Date "2020.08.07"]
[Round "1"]
[White "Elieman"]
[Black "KnightRyder3"]
[Result "1-0"]
[ICCResult "Black checkmated"]
[WhiteElo "2066"]
[BlackElo "1791"]
[Opening "Sicilian: closed"]
[ECO "B23"]
[NIC "SI.44"]
[Time "12:22:05"]
[TimeControl "3600+10"]

1. e4 c5 2. Nc3 d6 3. f4 g6 4. Nf3 Bg7 5. Bb5+ Bd7 6. Bc4 e6 7. d3 Ne7 8.
O-O O-O 9. Qe1 Nbc6 10. f5 exf5 11. Qh4 Re8 12. Ng5 Ne5 13. Nxh7 Nxc4 14.
dxc4 fxe4 15. Nxe4 Nf5 16. Nef6+ Bxf6 17. Nxf6+ Kf8 18. Bh6+ Nxh6 19. Qxh6+
Ke7 20. Nd5+ Ke6 21. Rae1# {Black checkmated} 1-0

[Event "ICC tourney 1955 (60 10)"]
[Site "Internet Chess Club"]
[Date "2020.08.07"]
[Round "1"]
[White "kabirahmed"]
[Black "goodcrowdchess"]
[Result "1-0"]
[ICCResult "Black checkmated"]
[WhiteElo "1948"]
[BlackElo "1604"]
[Opening "Nimzovich-Larsen attack: classical variation"]
[ECO "A01"]
[NIC "VO.08"]
[Time "12:21:34"]
[TimeControl "3600+10"]

1. b3 d5 2. Bb2 c5 3. Nf3 Nc6 4. e3 Nf6 5. Bb5 Bd7 6. O-O e6 7. c4 a6 8.
Bxc6 Bxc6 9. Ne5 Bd6 10. f4 O-O 11. d3 Nd7 12. Qg4 Nxe5 13. Bxe5 Bxe5 14.
fxe5 Qe7 15. Nc3 Rad8 16. Rad1 d4 17. Ne2 dxe3 18. Nf4 f5 19. Qg3 Rd4 20.
Qxe3 Re8 21. Qg3 Qc7 22. Rfe1 b5 23. h3 Qe7 24. Nh5 Kh8 25. Re2 Red8 26. Rc2
bxc4 27. Rxc4 Rxc4 28. bxc4 Rb8 29. d4 cxd4 30. Rxd4 Rb2 31. Rd8+ Be8 32.
Rxe8+ Qxe8 33. Qxg7# {Black checkmated} 1-0

[Event "ICC tourney 1955 (60 10)"]
[Site "Internet Chess Club"]
[Date "2020.08.07"]
[Round "1"]
[White "HiHiHidf"]
[Black "AJ2000"]
[Result "1-0"]
[ICCResult "Black resigns"]
[WhiteElo "2001"]
[BlackElo "1709"]
[Opening "Ruy Lopez: exchange variation, 5.O-O"]
[ECO "C68"]
[NIC "RL.08"]
[Time "12:22:09"]
[TimeControl "3600+10"]

1. e4 e5 2. Nf3 Nc6 3. Bb5 a6 4. Bxc6 dxc6 5. O-O Bd6 6. d4 Bg4 7. dxe5 Bxf3
8. Qxf3 Bxe5 9. Nd2 Nf6 10. Nc4 Qe7 11. c3 O-O-O 12. Bg5 h6 13. Qf5+ Kb8 14.
Qxe5 Qxe5 15. Nxe5 hxg5 16. Nxf7 Rhf8 17. Nxd8 Rxd8 18. Rad1 Rxd1 19. Rxd1
Nxe4 20. Rd7 Kc8 21. Rxg7 c5 {Black resigns} 1-0

[Event "ICC tourney 1955 (60 10)"]
[Site "Internet Chess Club"]
[Date "2020.08.07"]
[Round "1"]
[White "Chessphilia"]
[Black "Singireddy"]
[Result "0-1"]
[ICCResult "White resigns"]
[WhiteElo "1951"]
[BlackElo "2007"]
[Opening "Giuoco Piano"]
[ECO "C54"]
[NIC "IG.02"]
[Time "12:22:27"]
[TimeControl "3600+10"]

1. e4 e5 2. Nf3 Nc6 3. Bc4 Bc5 4. c3 Nf6 5. d3 O-O 6. O-O d5 7. exd5 Nxd5 8.
Re1 Be6 9. Nxe5 Bxf2+ 10. Kxf2 Nxe5 11. Nd2 Qh4+ 12. Kg1 Bg4 13. Re4 Ne3 14.
Rxg4 N5xg4 {White resigns} 0-1

[Event "ICC tourney 1955 (60 10)"]
[Site "Internet Chess Club"]
[Date "2020.08.07"]
[Round "1"]
[White "pangpangba"]
[Black "playerlucky"]
[Result "0-1"]
[ICCResult "White resigns"]
[WhiteElo "1528"]
[BlackElo "1916"]
[Opening "French: advance variation"]
[ECO "C02"]
[NIC "FR.03"]
[Time "12:21:47"]
[TimeControl "3600+10"]

1. e4 e6 2. d4 d5 3. e5 c5 4. c3 Qb6 5. Nf3 Nc6 6. a3 c4 7. Nbd2 Na5 8. Rb1
Bd7 9. Be2 Ne7 10. O-O Nec6 11. b4 cxb3 12. Nxb3 Nxb3 13. Qxb3 Qxb3 14. Rxb3
Na5 15. Rb1 Rc8 16. Bb2 Be7 17. Nd2 O-O 18. Rfc1 Bg5 19. Rc2 Ba4 20. Rbc1
Bxc2 21. Rxc2 b6 22. Nf3 Be7 23. a4 Nc4 24. Bc1 h6 25. Kf1 Na3 26. Bxa3 Bxa3
27. Bd3 Rc7 28. Ke2 Rfc8 29. Kd2 Rxc3 30. Rxc3 Bb4 31. Bb5 Rxc3 32. Ke2 Rc2+
33. Kf1 Ra2 34. h4 a6 35. Bc6 Ba5 36. g3 Rb2 37. Bb7 b5 38. axb5 axb5 39.
Bc6 b4 40. Ne1 Rb1 41. Ke2 b3 42. Nd3 b2 43. Ba4 Re1+ {White resigns} 0-1

[Event "ICC tourney 1955 (60 10)"]
[Site "Internet Chess Club"]
[Date "2020.08.07"]
[Round "1"]
[White "Mengocat"]
[Black "betterone76"]
[Result "0-1"]
[ICCResult "White resigns"]
[WhiteElo "1873"]
[BlackElo "1828"]
[Opening "Robatsch defense: Gurgenidze variation"]
[ECO "B06"]
[NIC "KF.05"]
[Time "12:21:32"]
[TimeControl "3600+10"]

1. e4 g6 2. d4 Bg7 3. Nc3 c6 4. f4 d5 5. e5 h5 6. Nf3 Nh6 7. Bd3 Bf5 8. Be2
Bg4 9. Be3 Nf5 10. Bf2 Bxf3 11. Bxf3 e6 12. Qd2 Nd7 13. O-O Bf8 14. Ne2 Nh4
15. Bxh4 Qxh4 16. b3 O-O-O 17. c4 dxc4 18. bxc4 Nb6 19. a4 Nxc4 20. Qc3 Nb6
21. Bxc6 bxc6 22. Qc5 Bxc5 {White resigns} 0-1

[Event "ICC tourney 1955 (60 10)"]
[Site "Internet Chess Club"]
[Date "2020.08.07"]
[Round "1"]
[White "salamenceg"]
[Black "StevChess01"]
[Result "0-1"]
[ICCResult "White resigns"]
[WhiteElo "1064"]
[BlackElo "1900"]
[Opening "Sicilian: O'Kelly variation"]
[ECO "B28"]
[NIC "SI.43"]
[Time "12:22:18"]
[TimeControl "3600+10"]

1. e4 c5 2. Nf3 a6 3. d4 cxd4 4. Nxd4 Nf6 5. Nc3 e5 6. Nb3 Bb4 7. Bd3 d5 8.
exd5 Nxd5 9. Bd2 Nxc3 10. Bxc3 Bxc3+ 11. bxc3 Nc6 12. O-O O-O 13. Qe2 Qc7
14. Qe4 g6 15. f4 exf4 16. Rxf4 Qe5 17. Qxe5 Nxe5 18. Rd4 Nc6 19. Rh4 Re8
20. Nd4 Bd7 21. Nf3 Kg7 22. Ng5 h6 23. Nf3 Ne5 24. Nxe5 Rxe5 25. Rd1 Bc6 26.
Rf1 Bd5 27. Bc4 Rc8 28. Bxd5 Rxd5 29. Rh3 Rc7 30. Rff3 Rd2 31. Rf2 Rd1+ 32.
Rf1 Rxf1+ 33. Kxf1 Rc4 34. Rd3 Ra4 35. Rd7 b5 36. Rd4 Rxa2 37. c4 Rxc2 38.
cxb5 axb5 39. Rb4 Rc5 40. Kf2 f5 41. Ke3 Rd5 42. Kf3 Kf6 43. Kf4 g5+ 44. Kf3
Ke5 45. g4 fxg4+ 46. Kxg4 Rd4+ {White resigns} 0-1

[Event "ICC tourney 1955 (60 10)"]
[Site "Internet Chess Club"]
[Date "2020.08.07"]
[Round "1"]
[White "clydedrexler22"]
[Black "IAlwaysWin"]
[Result "1-0"]
[ICCResult "Black resigns"]
[WhiteElo "2085"]
[BlackElo "2125"]
[Opening "Queen's pawn, Mason variation"]
[ECO "D00"]
[NIC "QP.08"]
[Time "12:22:27"]
[TimeControl "3600+10"]

1. d4 d5 2. Bf4 e6 3. e3 Bd6 4. Bg3 Nf6 5. Nd2 O-O 6. Ngf3 b6 7. Bd3 Bb7 8.
Ne5 c5 9. c3 Nc6 10. O-O Rc8 11. f4 Ne7 12. Qf3 Qc7 13. Bh4 Nd7 14. Qh3 Ng6
15. Ndf3 Rfe8 16. Ng5 f5 17. Nxe6 Rxe6 18. Bxf5 Ndf8 19. Bxe6+ Nxe6 20.
Qxe6+ Kf8 21. Nd7+ {Black resigns} 1-0

[Event "ICC tourney 1955 (60 10)"]
[Site "Internet Chess Club"]
[Date "2020.08.07"]
[Round "1"]
[White "AHSRULES"]
[Black "Baseballchamp"]
[Result "1-0"]
[ICCResult "Black checkmated"]
[WhiteElo "1870"]
[BlackElo "1896"]
[Opening "Sicilian: Kan, 5.Nc3"]
[ECO "B43"]
[NIC "SI.41"]
[Time "12:22:47"]
[TimeControl "3600+10"]

1. e4 c5 2. Nf3 e6 3. d4 cxd4 4. Nxd4 a6 5. Nc3 Qc7 6. Be2 b5 7. f4 Bb7 8.
Bf3 Nc6 9. Be3 d6 10. f5 e5 11. Nd5 Qa5+ 12. Bd2 Qd8 13. Nb3 Nf6 14. Nxf6+
Qxf6 15. O-O Be7 16. Be3 O-O 17. a4 Rfd8 18. axb5 axb5 19. Rxa8 Rxa8 20. Qd5
b4 21. Qb5 Rb8 22. Ra1 Nd4 23. Bxd4 exd4 24. Ra7 d3 25. Rxb7 Rxb7 26. Qxb7
d2 27. Nxd2 Qd4+ 28. Kf1 Qxd2 29. Qxe7 Qc1+ 30. Kf2 Qxc2+ 31. Kg3 h6 32.
Qe8+ Kh7 33. Bh5 Qd3+ 34. Kh4 Qe3 35. Bg6+ fxg6 36. fxg6# {Black checkmated}
1-0

[Event "ICC tourney 1955 (60 10)"]
[Site "Internet Chess Club"]
[Date "2020.08.07"]
[Round "1"]
[White "qiaoqiaoszx"]
[Black "mikoyansuren"]
[Result "1-0"]
[ICCResult "Black resigns"]
[WhiteElo "2023"]
[BlackElo "1752"]
[Opening "Sicilian: Anderssen variation"]
[ECO "B41"]
[NIC "SI.41"]
[Time "12:22:44"]
[TimeControl "3600+10"]

1. e4 c5 2. Nf3 e6 3. d4 cxd4 4. Nxd4 Nf6 5. Bd3 Nc6 6. Nxc6 bxc6 7. O-O Bc5
8. b3 O-O 9. Bb2 d5 10. exd5 exd5 11. h3 Re8 12. Nd2 a5 13. Qf3 Nd7 14. Rfe1
Ra7 15. Nf1 Nf8 16. Ng3 Ba6 17. Bxa6 Rxa6 18. Qc3 Rxe1+ 19. Rxe1 Ne6 20.
Rxe6 d4 21. Qc4 Rb6 22. Re4 {Black resigns} 1-0

[Event "ICC tourney 1955 (60 10)"]
[Site "Internet Chess Club"]
[Date "2020.08.07"]
[Round "1"]
[White "chessrex"]
[Black "winner08"]
[Result "1-0"]
[ICCResult "Black checkmated"]
[WhiteElo "2000"]
[BlackElo "1759"]
[Opening "Blackmar-Diemer gambit"]
[ECO "A45"]
[NIC "QP.07"]
[Time "12:22:06"]
[TimeControl "3600+10"]

1. d4 Nf6 2. f3 d5 3. e4 dxe4 4. Nc3 exf3 5. Nxf3 Bg4 6. h3 Bf5 7. g4 Bg6 8.
Ne5 Nbd7 9. Nxg6 hxg6 10. Qf3 c6 11. g5 Nd5 12. Nxd5 cxd5 13. Qxd5 Qc7 14.
Qg2 Rc8 15. Bd3 e6 16. O-O Bd6 17. Be3 Nb6 18. Bb5+ Kf8 19. Bd3 Nd5 20. Qf3
Nxe3 21. Qxe3 Kg8 22. Rf3 Kh7 23. Raf1 Rhf8 24. h4 Kg8 25. h5 gxh5 26. g6
fxg6 27. Qxe6+ Kh7 28. Qxg6+ Kg8 29. Qh7# {Black checkmated} 1-0

[Event "ICC tourney 1955 (60 10)"]
[Site "Internet Chess Club"]
[Date "2020.08.07"]
[Round "1"]
[White "saanvichess"]
[Black "Lukastico"]
[Result "1-0"]
[ICCResult "Black resigns"]
[WhiteElo "1662"]
[BlackElo "1781"]
[Opening "French: exchange variation"]
[ECO "C01"]
[NIC "FR.01"]
[Time "12:24:07"]
[TimeControl "3600+10"]

1. e4 e6 2. d4 d5 3. exd5 exd5 4. Bd3 c5 5. Nf3 c4 6. Be2 Nf6 7. Nc3 Nc6 8.
O-O Bd6 9. Bg5 Be6 10. Bxc4 dxc4 11. d5 Bxd5 12. Nxd5 Bxh2+ 13. Nxh2 Qxd5
14. Re1+ Kf8 15. Bxf6 Qxd1 16. Raxd1 gxf6 17. Re4 Kg7 18. Rg4+ Kh6 19. Rd6
Rhg8 20. Rxf6+ Rg6 21. Rxf7 Rd6 22. Rh4+ Kg6 23. Rhxh7 Rd1+ 24. Nf1 Re8 25.
Rfg7+ Kf6 26. Rxb7 Ree1 27. Rh6+ Kg5 28. Rxc6 Rxf1+ 29. Kh2 Rxf2 30. Rg7+
Kh5 31. Rxc4 Rdd2 32. Kh3 Kh6 33. Rg3 Rf5 34. Rh4+ Rh5 35. Rxh5+ Kxh5 36.
Rc3 Kg5 37. g4 Kf4 38. Rc4+ Kf3 39. Kh4 Rg2 40. Kg5 Ke3 41. Kg6 {Black
resigns} 1-0

[Event "ICC tourney 1955 (60 10)"]
[Site "Internet Chess Club"]
[Date "2020.08.07"]
[Round "1"]
[White "Joelpaulg"]
[Black "asergeev"]
[Result "1-0"]
[ICCResult "Black checkmated"]
[WhiteElo "2013"]
[BlackElo "1811"]
[Opening "Caro-Kann: advance variation"]
[ECO "B12"]
[NIC "CK.04"]
[Time "12:22:30"]
[TimeControl "3600+10"]

1. e4 c6 2. d4 d5 3. e5 Bf5 4. Nf3 e6 5. Be2 Nd7 6. O-O c5 7. c3 Ne7 8. a4
Nc6 9. Bb5 a6 10. Be2 Be7 11. Na3 O-O 12. Nc2 Rc8 13. Ne3 Bg6 14. Re1 f6 15.
exf6 Nxf6 16. Ne5 Nxe5 17. dxe5 Nd7 18. Bg4 Bf7 19. Nxd5 exd5 20. e6 Nf6 21.
exf7+ Rxf7 22. Bxc8 Qxc8 23. Bg5 Qd7 24. Bxf6 Bxf6 25. Qe2 Kf8 26. Rad1 d4
27. Qh5 Qc7 28. Qxh7 g5 29. Qh6+ Kg8 30. Re8+ Rf8 31. Rxf8# {Black
checkmated} 1-0

[Event "ICC tourney 1955 (60 10)"]
[Site "Internet Chess Club"]
[Date "2020.08.07"]
[Round "1"]
[White "sichuansy"]
[Black "Vish1080"]
[Result "1-0"]
[ICCResult "Black checkmated"]
[WhiteElo "1973"]
[BlackElo "1658"]
[Opening "Neo-Grünfeld, 6.O-O, main line"]
[ECO "D79"]
[NIC "QP.11"]
[Time "12:21:41"]
[TimeControl "3600+10"]

1. Nf3 Nf6 2. c4 g6 3. d4 Bg7 4. g3 O-O 5. Bg2 c6 6. O-O d5 7. cxd5 cxd5 8.
Nc3 Nc6 9. Ne5 Nxe5 10. dxe5 Nd7 11. Qxd5 Nxe5 12. Bf4 Nc6 13. Rfd1 Bxc3 14.
bxc3 Qxd5 15. Bxd5 e5 16. Bh6 Re8 17. Rab1 Nd8 18. Bg5 Kg7 19. e4 f6 20. Be3
Re7 21. Bc5 Rc7 22. Bd6 Rxc3 23. Rbc1 Rxc1 24. Rxc1 Nc6 25. Rxc6 bxc6 26.
Bxc6 Bb7 27. Bxb7 Rd8 28. Bc5 f5 29. Kg2 Kf6 30. a4 fxe4 31. Bxe4 Rc8 32.
Bxa7 Rc4 33. Bd5 Rxa4 34. Be3 g5 35. h3 h5 36. Bc6 Rc4 37. Be8 h4 38. Kf3
hxg3 39. fxg3 Kf5 40. Bf7 Rc2 41. Bd5 Rc3 42. Be4+ Kf6 43. Kf2 Ra3 44. Bc5
Ra4 45. Kf3 Rc4 46. Bb6 Rc3+ 47. Kf2 Kg7 48. Bd8 Kh6 49. Bf6 Rc5 50. Kf3 Kh5
51. Bf5 Rc3+ 52. Kg2 Rc5 53. h4 gxh4 54. g4+ Kh6 55. g5+ Kh5 56. g6 Ra5 57.
g7 Ra8 58. Bxe5 Kh6 59. Be6 Kh7 60. Kh3 Re8 61. Bf7 Rc8 62. Kxh4 Kh6 63.
g8=Q Rc4+ 64. Kg3 Rc3+ 65. Kf2 Rf3+ 66. Ke2 Re3+ 67. Kd2 Rd3+ 68. Kc2 Rc3+
69. Kb2 Rc2+ 70. Ka3 Rc3+ 71. Kb4 Rc4+ 72. Bxc4 Kh5 73. Bf4 Kh4 74. Qg5+ Kh3
75. Bf1# {Black checkmated} 1-0

[Event "ICC tourney 1955 (60 10)"]
[Site "Internet Chess Club"]
[Date "2020.08.07"]
[Round "1"]
[White "Heliosis"]
[Black "gitb98"]
[Result "0-1"]
[ICCResult "White resigns"]
[WhiteElo "1857"]
[BlackElo "2034"]
[Opening "Sicilian defense"]
[ECO "B40"]
[NIC "SI.43"]
[Time "12:21:57"]
[TimeControl "3600+10"]

1. e4 c5 2. Nf3 e6 3. b3 d5 4. exd5 exd5 5. Bb2 Nf6 6. d4 b6 7. Bb5+ Bd7 8.
Bxd7+ Nbxd7 9. O-O Be7 10. Nbd2 O-O 11. c4 Rc8 12. Rc1 Re8 13. Re1 cxd4 14.
Nxd4 Nc5 15. cxd5 Nd3 16. Rxc8 Qxc8 17. Nc4 Nxe1 18. Qxe1 Ba3 19. Qd2 Bxb2
20. Nxb2 Nxd5 21. Nc4 Qc5 22. h3 h6 23. Nf5 Re6 24. Kh2 b5 25. Nce3 Nxe3 26.
Qd8+ Qf8 {White resigns} 0-1

[Event "ICC tourney 1955 (60 10)"]
[Site "Internet Chess Club"]
[Date "2020.08.07"]
[Round "1"]
[White "pianoboy"]
[Black "dabpacman"]
[Result "1-0"]
[ICCResult "Black checkmated"]
[WhiteElo "1918"]
[BlackElo "1528"]
[Opening "Benkö gambit"]
[ECO "A57"]
[NIC "BI.46"]
[Time "12:22:26"]
[TimeControl "3600+10"]

1. d4 Nf6 2. c4 c5 3. d5 b5 4. b3 Bb7 5. Bb2 g6 6. Nd2 Bg7 7. e4 e6 8. Be2
O-O 9. Qc2 bxc4 10. bxc4 d6 11. Nh3 Nbd7 12. O-O Nb6 13. Rab1 Qe7 14. Bd3
Nfd7 15. Bxg7 Kxg7 16. a4 a5 17. Rxb6 Nxb6 18. Qb2+ Kg8 19. Qxb6 Rfb8 20. e5
dxe5 21. d6 Qd7 22. Qxc5 Qxa4 23. Qxe5 Qc6 24. Be4 Qd7 25. Bxb7 Qxb7 26. Ne4
h6 27. Nf6+ Kf8 28. Nf4 Qb2 29. Nxe6+ fxe6 30. Qxe6 Qb7 31. Qg8#
{Black checkmated}
1-0

[Event "ICC tourney 1955 (60 10)"]
[Site "Internet Chess Club"]
[Date "2020.08.07"]
[Round "1"]
[White "icyblizzard"]
[Black "KylanHuang"]
[Result "1-0"]
[ICCResult "Black checkmated"]
[WhiteElo "2140"]
[BlackElo "1830"]
[Opening "Ruy Lopez: 5.O-O"]
[ECO "C78"]
[NIC "RL.12"]
[Time "12:22:27"]
[TimeControl "3600+10"]

1. e4 e5 2. Nf3 Nc6 3. Bb5 a6 4. Ba4 Nf6 5. O-O b5 6. Bb3 Bc5 7. Re1 Bb6 8.
c3 O-O 9. d3 d6 10. h3 Bb7 11. Nbd2 Ne7 12. Nf1 Ng6 13. Ng3 h6 14. a4 Rb8
15. d4 c5 16. d5 c4 17. Bc2 Qc7 18. Nf5 Kh7 19. g4 Ne7 20. Qe2 Nxf5 21. gxf5
Qe7 22. Kh2 Rfc8 23. Rg1 Ne8 24. Rg2 Bc5 25. Bd2 Ba8 26. Rag1 b4 27. Ne1
bxc3 28. bxc3 Qf6 29. Qh5 Rb2 30. Bg5 Qxg5 31. Rxg5 Rb7 32. f6 gxf6 33. Rg6
fxg6 34. Qxg6+ Kh8 35. Qg8# {Black checkmated} 1-0

[Event "ICC tourney 1955 (60 10)"]
[Site "Internet Chess Club"]
[Date "2020.08.07"]
[Round "1"]
[White "Willixm"]
[Black "askarkztx"]
[Result "1/2-1/2"]
[ICCResult "Game drawn by repetition"]
[WhiteElo "1941"]
[BlackElo "2057"]
[Opening "Giuoco Piano: Anderssen variation"]
[ECO "C54"]
[NIC "IG.02"]
[Time "12:22:29"]
[TimeControl "3600+10"]

1. e4 e5 2. Nf3 Nc6 3. Bc4 Bc5 4. c3 Nf6 5. d4 exd4 6. e5 d5 7. Bb5 Ne4 8.
cxd4 Bb4+ 9. Bd2 Be7 10. O-O Bg4 11. Be3 O-O 12. Nc3 Bb4 13. Rc1 Bxc3 14.
bxc3 Ne7 15. Be2 c6 16. Qc2 Ng6 17. h3 Bf5 18. g4 Bd7 19. Bd3 f5 20. Bxe4
dxe4 21. Ng5 f4 22. Qb3+ Kh8 23. Nf7+ Rxf7 24. Qxf7 fxe3 25. fxe3 Qh4 26.
Kg2 Bxg4 27. hxg4 Qxg4+ 28. Kh2 Qh4+ 29. Kg2 Qg4+ 30. Kh2 Qh4+ 31. Kg2 Qg4+
32. Kh2 Qh4+ 33. Kg2 Qg4+ 34. Kh2 Qh4+ {Game drawn by repetition} 1/2-1/2

[Event "ICC tourney 1955 (60 10)"]
[Site "Internet Chess Club"]
[Date "2020.08.07"]
[Round "1"]
[White "GutsyEdge"]
[Black "OctopusYule"]
[Result "1-0"]
[ICCResult "Black resigns"]
[WhiteElo "2071"]
[BlackElo "1814"]
[Opening "Catalan: closed, 5.Nf3"]
[ECO "E06"]
[NIC "CA.05"]
[Time "12:22:27"]
[TimeControl "3600+10"]

1. d4 Nf6 2. c4 e6 3. Nf3 d5 4. g3 Be7 5. Bg2 O-O 6. O-O dxc4 7. Qc2 a6 8.
a4 Bd7 9. Rd1 Bc6 10. Nc3 Nd5 11. e4 Nb4 12. Qe2 Nd3 13. Be3 Bb4 14. Ne5
Nxe5 15. dxe5 Qe7 16. Qxc4 Nd7 17. f4 Bc5 18. Bxc5 Qxc5+ 19. Qxc5 Nxc5 20.
b4 Nd7 21. b5 axb5 22. axb5 Rxa1 23. Rxa1 Bxb5 24. Nxb5 c6 25. Nd6 Nc5 26.
Rc1 b6 27. Nc4 Rb8 28. Nxb6 Rxb6 29. Rxc5 Kf8 30. f5 Ke7 31. h3 Kd7 32. f6
g6 33. Ra5 Rb7 34. Bf1 Kc7 35. Ra6 c5 36. Bc4 Rb4 37. Ra7+ Kb8 38. Rxf7 Rxc4
39. Re7 Rc1+ 40. Kf2 Rd1 41. f7 Rd2+ 42. Ke3 Rd8 43. Re8 {Black resigns} 1-0

[Event "ICC tourney 1955 (60 10)"]
[Site "Internet Chess Club"]
[Date "2020.08.07"]
[Round "1"]
[White "natez"]
[Black "mangolamb"]
[Result "0-1"]
[ICCResult "White resigns"]
[WhiteElo "1864"]
[BlackElo "2172"]
[Opening "Queen's pawn game, Rubinstein (Colle-Zukertort) variation"]
[ECO "D05"]
[NIC "QP.08"]
[Time "12:22:43"]
[TimeControl "3600+10"]

1. d4 d5 2. Nf3 e6 3. e3 Nf6 4. Bd3 c5 5. b3 Nc6 6. Bb2 Be7 7. O-O O-O 8.
Nbd2 b6 9. Ne5 Nxe5 10. dxe5 Nd7 11. f4 f5 12. Qh5 Rf7 13. g4 g6 14. Qh3 Bb7
15. Nf3 Nf8 16. Rad1 Qc7 17. c4 Rd8 18. Qg3 Kh8 19. cxd5 Bxd5 20. Bc4 Qc6
21. Bxd5 Rxd5 22. g5 Bd8 23. Qg2 Rfd7 24. Qc2 Rxd1 25. Rxd1 Qxf3 26. Rxd7
Qxe3+ 27. Kg2 Nxd7 28. Qd1 Qe4+ 29. Kg1 Qc6 {White resigns} 0-1

[Event "ICC tourney 1955 (60 10)"]
[Site "Internet Chess Club"]
[Date "2020.08.07"]
[Round "1"]
[White "Zwish"]
[Black "JunlinTheWorld"]
[Result "0-1"]
[ICCResult "White resigns"]
[WhiteElo "1920"]
[BlackElo "1743"]
[Opening "King's Indian: Four pawns attack, main line"]
[ECO "E79"]
[NIC "SI.33"]
[Time "12:22:47"]
[TimeControl "3600+10"]

1. e4 c5 2. Nf3 Nc6 3. d4 cxd4 4. Nxd4 g6 5. c4 Bg7 6. Be3 Nf6 7. Nc3 O-O 8.
Be2 d6 9. f4 Qb6 10. Qd3 Ng4 11. Nxc6 Nxe3 12. Nxe7+ Kh8 13. g3 Qxb2 14. Rc1
Qxc1+ {White resigns} 0-1

[Event "ICC tourney 1955 (60 10)"]
[Site "Internet Chess Club"]
[Date "2020.08.07"]
[Round "1"]
[White "agpil"]
[Black "Goran21"]
[Result "1-0"]
[ICCResult "Black resigns"]
[WhiteElo "2032"]
[BlackElo "2063"]
[Opening "Ruy Lopez: Berlin defense, 4.O-O, d6"]
[ECO "C66"]
[NIC "RL.07"]
[Time "12:22:17"]
[TimeControl "3600+10"]

1. e4 e5 2. Nf3 Nc6 3. Bb5 Nf6 4. O-O d6 5. d3 g6 6. c3 Bg7 7. h3 O-O 8. Be3
a6 9. Ba4 Bd7 10. Nbd2 Nh5 11. Nh2 Nf4 12. Bxf4 exf4 13. Ndf3 g5 14. Bxc6
bxc6 15. Nd4 Qf6 16. Ng4 Qg6 17. Qa4 h5 18. Nh2 Bxd4 19. cxd4 g4 20. h4 Rfb8
21. b3 a5 22. a3 Be8 23. Qc4 Rb6 24. Qc3 Bd7 25. Rab1 Be6 26. b4 Rab8 27. g3
Qf6 28. Rfc1 Qh6 29. Nf1 fxg3 30. fxg3 axb4 31. Rxb4 Rxb4 32. axb4 Rb6 33.
Rc2 Kh7 34. Rf2 Qg7 35. Ne3 Rb5 36. Qxc6 Rxb4 37. d5 Rb1+ 38. Nf1 Qe5 39.
Kg2 Bc8 40. Qxc7 Qe8 41. Rxf7+ Kg6 42. Re7 Rb2+ 43. Kg1 Qf8 44. Qxd6+ Qf6
45. Qxf6+ Kxf6 46. Rc7 Ba6 47. Rc6+ Ke5 48. Rxa6 Ra2 49. Rxa2 {Black
resigns} 1-0